cohdb
Replays
Latest Replays
All Replays
Popular Replays
Top Player Replays
Match Explorer
How It Works
Community
CoH3 Stats
Reddit
Sign in to upload your games and track your stats! →
Sign in with Steam
Match 43891671
Unlisted
Match 43891671
Overview
Messages
Build Orders
End
Construct Infanterie Kompanie
Selects Luftwaffe Battlegroup
Selects Luftwaffe Pioneer Support
Fallschirmpioneer Squad Paradrop
MG 42 Machine Gun Team
MG 42 Machine Gun Team
MG 42 Bunker
Selects Stuka Strafing Run
Stuka Strafing Run
Fallschirmpioneer Squad Paradrop
Construct Luftwaffe Kompanie
Fallschirmpioneer Squad Paradrop
Support Elements
Stuka Strafing Run
Wirbelwind Flakpanzer
Stuka Strafing Run
Construct Panzergrenadier Kompanie
Stuka Strafing Run
Selects Fallschirmjäger Squad Paradrop
Selects Stuka Loiter
Nebelwerfer 42 Rocket Launcher Team
Stuka Loiter
Construct Panzer Kompanie
Panzer IV Medium Tank
Side Skirts
Stuka Loiter
Joraad
Riskit4theBiskit
391878204
Reece
ReZuRrEcT
Beanie Beans
Legned00
burak.sezgin34fb
0
0
Comments
sign in to comment!
No comments posted yet!